 Dungeon Crawl Stone Soup version 0.17-a0-776-gd86b262 (webtiles) character file.

67 Hanyuu the Insei (level 4, -2/28 HPs)
             Began as an Octopode Transmuter on Apr 24, 2015.
             Slain by a goblin (3 damage)
             ... led by Robin
             ... on level 1 of the Dungeon.
             The game lasted 00:06:40 (1452 turns).

Hanyuu the Insei (Octopode Transmuter)              Turns: 1452, Time: 00:06:40

Health: -2/28      AC:  1    Str:  9    XL:     4   Next: 16%
Magic:  7/7        EV: 12    Int: 15    God:
Gold:   94         SH:  0    Dex: 13    Spells: 3 memorised, 1 level left

rFire  . . .     SeeInvis .       - Unarmed
rCold  . . .     Clarity  .     (no shield)
rNeg   . . .     SustAb   .     (helmet restricted)
rPois  .         Gourm    .     (no amulet)
rElec  .         Spirit   .     g - ring of protection from magic
rCorr  .         Warding  .     (no ring)
rMut   .         Stasis   .     (no ring)
MR     +....                    (no ring)
Stlth  +++.......               (no ring)
                                (no ring)
                                (no ring)
                                (no ring)

@: appendage, somewhat resistant to hostile enchantments, fairly stealthy
A: almost no armour, amphibious, 8 rings, constrict 8, tentacle spike 3,
camouflage 1, gelatinous body 1
a: End Transformation


You were on level 1 of the Dungeon.
You were hungry.
One of your tentacles had a temporary spike.
You visited 1 branch of the dungeon, and saw 2 of its levels.

You collected 94 gold pieces.

Inventory:

Hand weapons
 a - a +0 hunting sling
Missiles
 d - 2 curare-tipped needles
 k - 50 arrows
 l - 50 stones (quivered)
 m - 25 sling bullets
Jewellery
 g - a ring of protection from magic (left tentacle)
Scrolls
 h - a scroll of noise {unknown}
Potions
 e - a potion of brilliance {unknown}
 j - a potion of heal wounds {unknown}
Books
 b - a book of Changes

   Spells                             Type                      Level
   a - Beastly Appendage              Transmutation                1
   b - Sticks to Snakes               Transmutation                2
   c - Spider Form                    Transmutation/Poison         3
   d - Ice Form                       Ice/Transmutation            4
   e - Blade Hands                    Transmutation                5
Comestibles
 c - 2 bread rations
 f - 2 meat rations
 i - 3 fruits


   Skills:
 - Level 1.0 Fighting
 - Level 2.0 Dodging
 - Level 1.1 Stealth
 * Level 4.4 Unarmed Combat
 - Level 2.0 Spellcasting
 + Level 2.6 Transmutations


You had one spell level left.
You knew the following spells:

 Your Spells              Type           Power        Failure   Level  Hunger
a - Beastly Appendage     Trmt           #.....       10%         1    #......
b - Sticks to Snakes      Trmt           #.........   12%         2    ###....
c - Spider Form           Trmt/Pois      #.........   43%         3    ###....


Dungeon Overview and Level Annotations

Branches:
Dungeon (2/15)

Altars:
Qazlal

Annotations:
D:2 Robin, Sigmund


Innate Abilities, Weirdness & Mutations

You cannot wear most types of armour.
You are amphibious.
You can wear up to eight rings at the same time.
You can use your tentacles to constrict eight enemies at once.
Your skin changes colour to match your surroundings (Stealth).
Your rubbery body absorbs attacks (AC +1).
One of your tentacles bears a large vicious spike.


Message History

The goblin misses you. The goblin barely misses you.
You bludgeon the goblin!
You kill the goblin!
The hobgoblin barely misses you. The goblin hits you. The goblin hits you.
You closely miss the goblin. Your grab misses the goblin.
The hobgoblin hits you with a club. The goblin hits you.
The goblin barely misses you.
You tentacle-slap the goblin.
You kill the goblin!
The goblin hits you.
* * * LOW HITPOINT WARNING * * *
The hobgoblin hits you with a club.
* * * LOW HITPOINT WARNING * * *
The goblin hits you.
* * * LOW HITPOINT WARNING * * *
The hobgoblin closely misses you.
You climb upwards.
There is a stone staircase leading down here.
The goblin hits you.
You die...

#.# #.. #.# ######.. #.#
#....... #.# #.####..
#.#############.###...
#.....................
#############.#.......
##########.#####...
#>@................
#gg................
#.##.#####.....#..# #.##.#
###......... #.##.#
#...........
#.##.####.......#.#
##.##.).....####.#.#
#######.....####.......#.#
#........###.............#


You could see a hobgoblin and a goblin.

Vanquished Creatures
  Natasha (D:2)
  A giant cockroach (D:2)
  14 goblins
  8 hobgoblins
  7 kobolds
  4 bats
  2 giant newts (D:2)
  A rat (D:2)
38 creatures vanquished.

Notes
Turn   | Place    | Note
--------------------------------------------------------------
     0 | D:1      | Hanyuu, the Octopode Transmuter, began the quest for the Orb.
     0 | D:1      | Reached XP level 1. HP: 13/13 MP: 3/3
   139 | D:1      | Reached XP level 2. HP: 18/18 MP: 5/5
   741 | D:2      | Found a stormy altar of Qazlal.
   756 | D:2      | Noticed Natasha
   764 | D:2      | Killed Natasha
   764 | D:2      | Reached skill level 1 in Stealth
   764 | D:2      | Reached skill level 4 in Unarmed Combat
   764 | D:2      | Reached XP level 3. HP: 10/23 MP: 6/6
   954 | D:2      | Learned a level 2 spell: Sticks to Snakes
   958 | D:2      | Learned a level 3 spell: Spider Form
  1022 | D:2      | Noticed Sigmund
  1025 | D:2      | Noticed Robin
  1052 | D:2      | Reached XP level 4. HP: 20/28 MP: 7/7
  1450 | D:2      | HP: 1/28 [goblin[Robin] (4)]
  1452 | D:1      | Slain by a goblin

Action                   |  1- 3 |  4- 6 || total
-------------------------+-------+-------++-------
Melee: Unarmed           |    65 |    16 ||    81
 Fire: Hunting sling     |     9 |       ||     9
 Cast: Beastly Appendage |       |     2 ||     2
 Stab: Sleeping          |     5 |       ||     5
  Eat: Chunk             |       |     1 ||     1
